 Dungeon Crawl Stone Soup version 0.30.0-5-g1a98f26d00 (webtiles) character file.

Game seed: 3231619045304915616

191 PoweredByGinger the Chopper (level 5, 0/40 (42) HPs)
             Began as a Minotaur Gladiator on May 9, 2023.
             Slain by a wight
             ... wielding a +0 great sword
              (12 damage)
             ... on level 2 of the Dungeon.
             The game lasted 00:01:38 (1872 turns).

PoweredByGinger the Chopper (Minotaur Gladiator)    Turns: 1872, Time: 00:01:39

HP:   0/40 (42)     AC:  4    Str: 20    XL:     5   Next: 42%
MP:   4/4           EV: 12    Int:  5    God:
Gold: 123           SH:  0    Dex: 12    Spells: 4/4 levels left

rFire   . . .        j - +1 war axe (heavy)
rCold   . . .        (no shield)
rNeg    . . .        b - +0 leather armour
rPois   .            c - +0 hat
rElec   .            (no cloak)
rCorr   .            g - +0 pair of gloves
SInv    .            (no boots)
Will    .....        (no amulet)
Stlth   +            (no ring)
HPRegen 0.26/turn    (no ring)
MPRegen 0.09/turn

%: no passive effects
@: lightly drained
A: horns 2, retaliatory headbutt
a: no special abilities


You were on level 2 of the Dungeon.
You visited 1 branch of the dungeon, and saw 3 of its levels.

You collected 123 gold pieces.

Inventory:

Hand Weapons
 a - a +0 war axe
 j - a +1 heavy war axe (weapon)
Missiles
 d - 2 throwing nets (quivered)
 e - a javelin
 i - 5 boomerangs
 q - 9 poisoned darts
Armour
 b - a +0 leather armour (worn)
 c - a +0 hat (worn)
 g - a +0 pair of gloves (worn)
Scrolls
 f - a scroll of immolation {unknown}
 k - 2 scrolls of vulnerability {unknown}
 o - a scroll of magic mapping {unknown}
 p - a scroll of fear {unknown}
Potions
 h - 3 potions of curing {unknown}
 l - 3 potions of mutation {unknown}
 m - a potion of flight {unknown}
 n - 2 potions of haste {unknown}
 r - a potion of attraction {unknown}


   Skills:
 + Level 2.5 Fighting
 + Level 7.4 Axes
 - Level 2.0 Throwing
 - Level 3.2 Dodging


You had 4 spell levels left.
You didn't know any spells.
Your spell library contained the following spells:

 Spells                   Type           Power      Damage    Failure   Level
 Freeze                   Ice            0%         1d3       54%         1


Dungeon Overview and Level Annotations

Branches:
Dungeon (3/15)

Altars:


Innate Abilities, Weirdness & Mutations

You have a pair of horns on your head.
You reflexively headbutt those who attack you in melee.


Message History

No target in view!
No target in view!
You now have 123 gold pieces (gained 9).
You see here a +0 dagger of draining.
Found a club.
You see here a +0 club.
You see here a +0 club.
You open the door.
There is an open door here.
Done exploring.
Done exploring.
Done exploring.
Done exploring.
No target in view!
There is a stone staircase leading down here.
You climb downwards.
Found two ring mails and 7 gold pieces.
There is a stone staircase leading up here.
The wight closely misses you. x2; You furiously retaliate!
You headbutt the wight, but do no damage.
You climb upwards.
There is a stone staircase leading down here.
Unknown command.
You slash the wight!
The wight is almost destroyed.
You barely miss the wight. The wight closely misses you.
The wight barely misses you. You furiously retaliate!
You headbutt the wight! You barely miss the wight.
The wight is almost destroyed.
You hit the wight. The wight completely misses you.
The wight barely misses you. The wight misses you. The wight barely misses you.
You closely miss the wight.
The wight is almost destroyed.
You barely miss the wight. The wight hits you with a +3 flail.
The wight hits you with a +0 great sword!
You feel drained.
* * * LOW HITPOINT WARNING * * *
The wight completely misses you.
The wight hits you with a +0 great sword!
You die...

.# #.####.....#...........# .##
#............###.#.....# ..##
########.#.### #.##...## ...##
#.#.#####.###.##### ....#
#.#..)............# ...##
##'#######.###.###.# ..## ##...##
#.# #.# #.# .#### ##....z##
#.###.# #.# .##.## ##......@##
#.#.#.# #.#
.#...####......z..###.....###.###
........'.........'..............
.....####.........#.##....#.#####
.##..# ##.......##.###.#.#.#
.<##.# ##.....###.# #...#.#
#.##.# ##.(.## #.# #.###.# #.##.#
##+## #.# #.# #.# #.##.# #.#
#.###.###.#


You could see 2 wights.

Vanquished Creatures
  Sigmund (D:2)
  2 dart slugs
  An orc (D:2)
  3 endoplasms (D:1)
  A giant cockroach (D:1)
  4 goblins
  5 hobgoblins
  7 ball pythons
  A bat (D:1)
  3 frilled lizards (D:1)
  4 kobolds (D:1)
  A rat (D:1)
33 creatures vanquished.

Notes
Turn   | Place    | Note
-------+----------+-------------------------------------------
     0 | D:1      | PoweredByGinger the Minotaur Gladiator began the quest for
                  | the Orb.
     0 | D:1      | Reached XP level 1. HP: 18/18 MP: 0/0
   141 | D:1      | Reached skill level 4 in Axes
   158 | D:1      | Reached XP level 2. HP: 25/25 MP: 1/1
   878 | D:1      | Reached skill level 5 in Axes
  1084 | D:2      | Reached XP level 3. HP: 30/30 MP: 2/2
  1304 | D:2      | Noticed Sigmund
  1369 | D:2      | Killed Sigmund
  1370 | D:2      | Reached skill level 7 in Axes
  1370 | D:2      | Reached XP level 4. HP: 37/37 MP: 3/3
  1370 | D:2      | Reached XP level 5. HP: 42/42 MP: 4/4
  1734 | D:2      | Found a faded altar of an unknown god.
  1739 | D:2      | Got Plato's Catalogue of Refrigeration
  1867 | D:3      | Noticed a phantom
  1872 | D:2      | Slain by a wight

Illustrated notes

Levels and vault maps discovered:
D:1:      dpeg_arrival_three_same_balls, layout_basic, minmay_box_of_dots
D:2:      layout_loops_corners, shapermc_ecumenical_altar_rom_forum,
          uniq_sigmund
D:3:      layout_basic, uniq_grinder

Skill      XL: |  1  2  3 |
---------------+----------+-----
Axes           | 4 5 7 |  7.4
Fighting       | |  2.5
Throwing       | |  2.0
Dodging        | |  3.2

Action                     |  1- 3 |  4- 6 || total
---------------------------+-------+-------++-------
  Melee: War axe           |    32 |    11 ||    43
         Headbutt          |     3 |       ||     3
  Throw: Throwing net      |     1 |       ||     1
 Armour: Leather armour    |    10 |     2 ||    12
  Dodge: Dodged            |    32 |    15 ||    47
